 Dungeon Crawl Stone Soup version 0.27-a0-328-g7f782ed93a (webtiles) character file.

Game seed: 6136550707506313207

18 CurlyBrace the Caller (level 2, 0/12 HPs)
             Began as a Felid Summoner on Feb 11, 2021.
             Slain by a bullfrog (3 damage)
             ... on level 3 of the Dungeon.
             The game lasted 00:04:35 (468 turns).

CurlyBrace the Caller (Felid Summoner)               Turns: 468, Time: 00:04:35

Health: 0/12       AC:  1    Str:  4    XL:     2   Next: 48%
Magic:  4/6        EV: 18    Int: 16    God:
Gold:   54         SH:  0    Dex: 16    Spells: 4/5 levels left
                                        Lives:  0   Deaths: 0

rFire    . . .     SeeInvis +     - Unarmed
rCold    . . .     Faith    .   (shield unavailable)
rNeg     . . .     Spirit   .   (armour unavailable)
rPois    .         Reflect  .   (helmet unavailable)
rElec    .         Harm     .   (cloak unavailable)
rCorr    .         Rampage  .   (gloves unavailable)
Will     .....                  (boots unavailable)
Stlth    +++.......             (no amulet)
HPRegen  0.04/turn              (no ring)
MPRegen  0.10/turn              (no ring)

@: quick
A: very small, no armour, no weapons or thrown items, stealth, claws 1, fangs 3,
see invisible, speed 1, shaggy fur 1, sharp paws
a: no special abilities


You were on level 3 of the Dungeon.
You visited 1 branch of the dungeon, and saw 4 of its levels.

You collected 54 gold pieces.

Inventory:

Scrolls
 a - a scroll of amnesia
 z - a scroll of blinking


   Skills:
 * Level 1.1 Fighting
 - Level 3.0 Dodging
 - Level 3.0 Stealth
 * Level 1.2 Unarmed Combat
 - Level 2.0 Spellcasting
 - Level 4.0 Summonings


You had 4 spell levels left.
You knew the following spells:

 Your Spells              Type           Power        Failure   Level
a - Summon Small Mammal   Summ           56%          4%          1

Your spell library contained the following spells:

 Spells                   Type           Power        Failure   Level
 Call Imp                 Summ           14%          6%          2
 Call Canine Familiar     Summ           14%          12%         3
 Summon Guardian Golem    Hex/Summ       8%           26%         3
 Summon Ice Beast         Ice/Summ       8%           65%         4
 Summon Lightning Spire   Summ/Air       8%           65%         4


Dungeon Overview and Level Annotations

Branches:
Dungeon (4/15)
 Temple: D:4-7

Altars:
Uskayaw


Innate Abilities, Weirdness & Mutations

You cannot wear armour.
You are incapable of wielding weapons or throwing items.
Your paws allow you to move quietly. (Stealth)
You have sharp claws.
You have razor-sharp teeth.
You have supernaturally acute eyesight. (SInv)
You cover ground quickly.
You are covered in fur. (AC +1)
Your sharp claws are effective at attacking unaware monsters.


Message History

Your Stealth skill increases to level 3!
Your Unarmed Combat skill increases to level 1!
Your quokka dies!
Your quokka's corpse disappears in a puff of smoke!
The kobold shouts!
Found a hunting sling.
You feel sick. The kobold barely misses you.
Found a scroll of identify.
Found a stone staircase leading down.
You scratch the kobold but do no damage.
The kobold completely misses you.
You barely miss the kobold. The kobold closely misses you.
You barely miss the kobold. The kobold hits you but does no damage.
You scratch the kobold.
You kill the kobold!
You feel sick.
You see here a kobold corpse.
There is a stone staircase leading down here.
You climb downwards.
Your summoned ally is left behind.
A bullfrog comes into view.
You feel sick.
You are no longer poisoned.
Found 8 gold pieces.
There is a stone staircase leading up here.
You see here 8 gold pieces.
The helpless bullfrog fails to defend itself.
You claw the bullfrog! Your claw misses the bullfrog.
The bullfrog is moderately wounded.
The bullfrog misses you. The bullfrog closely misses you.
There is a stone staircase leading up here.
The bullfrog closely misses you.
You climb upwards.
There is a stone staircase leading down here.
The bullfrog misses you. The bullfrog hits you.
* * * LOW HITPOINT WARNING * * *
The bullfrog misses you.
Casting: Summon Small Mammal (safe; 4% risk of failure)
Confirm with . or Enter, or press ? or * to list all spells.
The bullfrog hits you.
You die...

#...# ..# #...# ....
#)..#
#+##..######...######
.................?.+
..........†.>....##
.....###.##.##..#
#..#.....##b##..#
#..#.....##@##..#
#..##....##F##..#
#........(#.##..##
##...............#
##....#..#.##..##
##......#......#
##............# ..
##....#.##...#
....###...........


You could see a bullfrog and a friendly bat (summoned).

Vanquished Creatures
  2 bats (D:3)
  2 goblins
  2 kobolds (D:3)
  2 quokkas (D:3)
  2 rats (D:3)
10 creatures vanquished.

Vanquished Creatures (collateral kills)
  An adder (D:3)
  A goblin (D:3)
  2 hobgoblins (D:3)
  A bat (D:3)
5 creatures vanquished.

Grand Total: 15 creatures vanquished

Notes
Turn   | Place    | Note
-------+----------+-------------------------------------------
     0 | D:1      | CurlyBrace the Felid Summoner began the quest for the Orb.
     0 | D:1      | Reached XP level 1. HP: 7/7 MP: 4/4
   292 | D:3      | Found a hide-covered altar of Uskayaw.
   397 | D:3      | Reached XP level 2. HP: 12/12 MP: 1/6
   412 | D:3      | Reached skill level 1 in Fighting
   437 | D:3      | Reached skill level 1 in Unarmed Combat
   450 | D:4      | Noticed a bullfrog
   468 | D:3      | Slain by a bullfrog

Illustrated notes

Levels and vault maps discovered:
D:1:      lemuel_arrival_broad_hall, layout_rooms, columned_hall_lemuel,
          minmay_lizard_pond
D:2:      minmay_roachtagon, layout_loops_ring, marbit_many_paths,
          minmay_hexomino_c4
D:3:      layout_basic, overflow_temple_1_default, nrook_mini_backslash,
          kennysheep_generic_room_16
D:4:      layout_gridville, fedhas_altar_3, minmay_temple_entry_drinking_statues

Skill      XL: |  1  2 |
---------------+-------+-----
Fighting       | 1 |  1.1
Dodging        | 3 |  3.0
Stealth        | 3 |  3.0
Unarmed Combat | 1 |  1.2
Spellcasting   | |  2.0
Summonings     | |  4.0

Action                   || total
-------------------------++-------
Melee: Unarmed           ||    39
       Bite              ||     4
 Cast: Summon Small Mamm ||     9
  Use: Scroll            ||     3
       Potion            ||     1
 Stab: Sleeping          ||     2
       Distracted        ||     1
Armor: Skin              ||     3
Dodge: Dodged            ||    37

Table legend: (Time is in decaauts)
 A = Elapsed time spent in this place.
 B = Non-inter-level travel time spent in this place.
 C = Inter-level travel time spent in this place.
 D = Time resting spent in this place.
 E = Time spent auto-exploring this place.
 F = Levels seen in this place.
 G = Mean time per level.
                   A        B        C        D        E       F      G
               +--------+--------+--------+--------+--------+-----+--------+
         Total |    395 |    395 |      0 |      0 |      0 |   4 |   98.8 |
       Dungeon |    395 |    395 |      0 |      0 |      0 |   4 |   98.8 |
               +--------+--------+--------+--------+--------+-----+--------+

Top non-repeatable levels by time:
     D:3: 225 daAuts
     D:2: 147 daAuts
     D:1: 14 daAuts
     D:4: 8 daAuts
